 Dungeon Crawl Stone Soup version 0.26.1-11-gd32895ea62 (webtiles) character file.

Game seed: 16502162354039321163

1727 Zeld the Geomancer (level 9, 0/68 HPs)
             Began as a Formicid Earth Elementalist on June 4, 2021.
             Was an Initiate of Vehumet.
             Slain by a hornet zombie (12 damage)
             ... on level 7 of the Dungeon.
             The game lasted 00:18:43 (11755 turns).

Zeld the Geomancer (Formicid Earth Elementalist)   Turns: 11755, Time: 00:18:44

Health: 0/68       AC:  2    Str: 13    XL:     9   Next: 25%
Magic:  2/17       EV: 14    Int: 18    God:    Vehumet [......]
Gold:   351        SH:  5    Dex: 11    Spells: 3/18 levels left

rFire    . . .     SeeInvis +   (no weapon)
rCold    . . .     Faith    .   (no shield)
rNeg     . . .     Spirit   .   c - +0 robe
rPois    +         Reflect  +   (helmet unavailable)
rElec    .         Harm     .   A - scarf {repulsion}
rCorr    .         Rampage  .   (no gloves)
Will     .....                  (no boots)
Stlth    ++........             h - amulet of reflection
HPRegen  0.21/turn              s - ring of poison resistance
MPRegen  0.15/turn              (no ring)

@: repel missiles
A: permanent stasis, dig shafts and tunnels, four strong arms, antennae 3
a: Dig, Shaft Self, Renounce Religion


You were on level 7 of the Dungeon.
You worshipped Vehumet.
Vehumet was noncommittal.
You visited 2 branches of the dungeon, and saw 8 of its levels.

You collected 351 gold pieces.

Inventory:

Armour
 c - a +0 robe (worn)
 A - a scarf of repulsion (worn)
Jewellery
 h - an amulet of reflection (around neck)
 s - a ring of poison resistance (left hand)
Wands
 p - a wand of disintegration (8)
 C - a wand of paralysis (9)
 F - a wand of random effects (21)
Scrolls
 a - a scroll of brand weapon {unknown}
 b - 2 scrolls of enchant weapon
 g - a scroll of enchant armour
 r - 2 scrolls of amnesia
 t - 3 scrolls of remove curse
 w - a scroll of magic mapping
Potions
 d - 2 potions of might {unknown}
 e - a potion of flight {unknown}
 j - 2 potions of brilliance {unknown}
 k - 2 potions of invisibility {unknown}
 m - 3 potions of curing {unknown}
 n - 3 potions of haste {unknown}
 q - 2 potions of berserk rage {unknown}
 u - 2 potions of magic {unknown}
 x - 5 potions of attraction {unknown}
 y - 2 potions of lignification {unknown}
 z - a potion of mutation {unknown}
 B - a potion of heal wounds {unknown}
 E - a potion of degeneration {unknown}


   Skills:
 + Level 5.3 Fighting
 + Level 4.8 Dodging
 - Level 2.4 Stealth
 + Level 5.4 Spellcasting
 - Level 1.1 Transmutations
 * Level 9.3 Earth Magic


You had 3 spell levels left.
You knew the following spells:

 Your Spells              Type           Power        Failure   Level
a - Sandblast             Erth           76%          1%          1
b - Passwall              Tmut/Erth      19%          2%          2
c - Stone Arrow           Conj/Erth      42%          5%          3
d - Petrify               Tmut/Erth      23%          16%         4
e - Lee's Rapid Deconstr  Erth           19%          8%          5

Your spell library contained the following spells:

 Spells                   Type           Power        Failure   Level


Dungeon Overview and Level Annotations

Branches:
Dungeon (7/15)             Temple (1/1) D:6

Altars:
Ashenzari
Cheibriados
Dithmenos
Elyvilon
Fedhas
Gozag
Hepliaklqana
Kikubaaqudgha
Makhleb
Nemelex Xobeh
Okawaru
Ru
Sif Muna
Trog
Uskayaw
Vehumet
Wu Jian
Xom
Yredelemnul
Zin
The Shining One


Innate Abilities, Weirdness & Mutations

You cannot be hasted, slowed, berserked, paralysed or teleported.
You can dig through walls and to a lower floor.
Your four strong arms can wield two-handed weapons with a shield.
You have a pair of large antennae on your head. (SInv)


Message History

The hornet zombie is almost destroyed.
The hornet zombie hits you but does no damage.
You barely miss the hornet zombie.
The hornet zombie is almost destroyed.
The hornet zombie closely misses you. The hornet zombie hits you.
* * * LOW HITPOINT WARNING * * *
You barely miss the hornet zombie.
The hornet zombie is almost destroyed.
The hornet zombie barely misses you.
You hit the hornet zombie.
The hornet zombie is almost destroyed.
The hornet zombie hits you!
* * * LOW HITPOINT WARNING * * *
You barely miss the hornet zombie.
The hornet zombie is almost destroyed.
The hornet zombie closely misses you. x2
You closely miss the hornet zombie.
The hornet zombie is almost destroyed.
The hornet zombie hits you!
You die...

. # ### ..
#....# ...
#..#.# .... #
#####..#.# .....
##
......#.##.....)
####.
#......Z'......
+....
#....#@##...(?.
####. #....#.#
..... #.
#.#####....#
.... #.
#........### Y..
#. #######.##
#+# #. #.# #.#
#. #.# #.# #.
#.# ##.## #.
##.## ##...## #.


You could see a hornet zombie.

Vanquished Creatures
  Grinder (D:6)
  Menkaure (D:4)
  A sky beast (D:5)
  Blork the orc (D:6)
  A bullfrog (D:6)
  2 scorpions
  A wight (D:7)
  A hound (D:5)
  3 orc priests (D:4)
  A bullfrog skeleton (D:4)
  2 jellies (D:5)
  2 iguanas
  9 orc wizards
  5 worker ants
  A hound zombie (D:6)
  2 worker ant zombies
  Robin (D:3)
  4 gnolls (D:5)
  17 adders
  A howler monkey skeleton (D:4)
  2 white imps (D:5)
  An adder skeleton (D:4)
  3 dart slugs
  5 leopard geckos
  15 orcs
  7 ball pythons
  4 bats
  7 giant cockroaches
  18 goblins
  13 hobgoblins
  16 jackals
  12 kobolds
  A quokka (D:2)
  4 frilled lizards
  A leopard gecko skeleton (D:5)
  A quokka zombie (D:5)
  5 rats
172 creatures vanquished.

Notes
Turn   | Place    | Note
-------+----------+-------------------------------------------
     0 | D:1      | Zeld the Formicid Earth Elementalist began the quest for
                  | the Orb.
     0 | D:1      | Reached XP level 1. HP: 13/13 MP: 3/3
   126 | D:1      | Reached XP level 2. HP: 11/20 MP: 0/5
   589 | D:1      | Learned a level 2 spell: Passwall
   637 | D:1      | Reached skill level 4 in Earth Magic
   935 | D:1      | Reached XP level 3. HP: 24/25 MP: 1/6
   939 | D:1      | Learned a level 3 spell: Stone Arrow
   990 | D:1      | Reached skill level 1 in Fighting
  1918 | D:2      | Reached XP level 4. HP: 32/32 MP: 4/8
  2226 | D:2      | Reached XP level 5. HP: 38/38 MP: 6/9
  2473 | D:2      | Reached skill level 5 in Earth Magic
  2964 | D:3      | Noticed Robin
  3342 | D:3      | Found a bloodstained altar of Trog.
  3355 | D:3      | Learned a level 4 spell: Petrify
  3643 | D:3      | Reached XP level 6. HP: 45/45 MP: 8/10
  3756 | D:3      | Killed Robin
  4287 | D:4      | Noticed Menkaure
  4300 | D:4      | Killed Menkaure
  4301 | D:4      | Reached skill level 6 in Earth Magic
  4301 | D:4      | Reached XP level 7. HP: 26/52 MP: 8/12
  5772 | D:4      | Reached skill level 7 in Earth Magic
  6097 | D:5      | Entered Level 5 of the Dungeon
  7150 | D:5      | Reached XP level 8. HP: 54/60 MP: 14/14
  8377 | D:5      | Reached skill level 8 in Earth Magic
  9488 | D:5      | Learned a level 5 spell: Lee's Rapid Deconstruction
  9781 | D:6      | Noticed Grinder
  9792 | D:6      | You fall into a shaft and drop 1 floor!
 10368 | D:6      | Noticed Blork the orc
 10370 | D:6      | Killed Blork the orc
 10371 | D:6      | Reached skill level 5 in Spellcasting
 10491 | D:6      | Found an opulent altar of Gozag.
 10529 | D:6      | Killed Grinder
 10530 | D:6      | Reached skill level 5 in Fighting
 10530 | D:6      | Reached skill level 9 in Earth Magic
 10530 | D:6      | Reached XP level 9. HP: 67/68 MP: 9/16
 10584 | D:6      | Found a sacrificial altar of Ru.
 11046 | D:6      | Found a staircase to the Ecumenical Temple.
 11055 | Temple   | Entered the Ecumenical Temple
 11168 | Temple   | Became a worshipper of Vehumet
 11755 | D:7      | Slain by a hornet zombie

Illustrated notes

Levels and vault maps discovered:
D:1:      dpeg_arrival_orchard, layout_basic
D:2:      kennysheep_big_flooded_room, layout_basic, serial_corexii_hall,
          corexii_hall_statues_s, corexii_hall_statues_l,
          chequers_hall_statues_wall_a, corexii_hall_statues_x,
          corexii_hall_statues_x, corexii_hall_statues_l, minmay_tetromino_i2
D:3:      layout_basic, bloody_trog, uniq_robin
D:4:      layout_loops_ring, uniq_menkaure
D:5:      layout_rooms
D:6:      layout_basic, old_standard_altar, grunt_gozag_statues,
          minmay_temple_entry_antechambers, minmay_small_thing,
          uniq_blork_the_orc, uniq_grinder
D:7:      layout_loops_corners, grunt_qazlal_sundering
Temple:   hc_temple_tempest_star

Skill      XL: |  1  2  3  4  5  6  7  8 |
---------------+-------------------------+-----
Earth Magic    | 4 5 6 7 9 |  9.3
Dodging        | 2 3 4 |  4.8
Fighting       | 1 2 3 5 |  5.3
Spellcasting   | 3 4 5 |  5.4
Stealth        | |  2.4
Transmutations | |  1.1

Action                   |  1- 3 |  4- 6 |  7- 9 || total
-------------------------+-------+-------+-------++-------
Melee: Unarmed           |    27 |    10 |    42 ||    79
       Dagger            |       |       |   105 ||   105
 Cast: Sandblast         |    45 |    94 |    55 ||   194
       Passwall          |     1 |       |       ||     1
       Stone Arrow       |       |       |    76 ||    76
       Lee's Rapid Decon |       |       |     1 ||     1
 Abil: Dig               |       |     1 |       ||     1
       Shaft Self        |       |       |     1 ||     1
  Use: Scroll            |       |       |     9 ||     9
 Stab: Sleeping          |       |       |     2 ||     2
Armor: Robe              |     8 |     8 |    20 ||    36
Dodge: Dodged            |    32 |    49 |   138 ||   219
Block: Other             |       |       |     3 ||     3
